 Dungeon Crawl Stone Soup version 0.31-a0-1424-g2add1c7226 (webtiles) character file.

Game seed: 15294160373288259210

510 dialectric the Trooper (level 6, -5/54 (57) HPs)
             Began as a Minotaur Fighter on Dec 26, 2023.
             Slain by a wight
             ... wielding a +0 battleaxe
              (14 damage)
             ... on level 5 of the Dungeon.
             The game lasted 00:04:33 (2564 turns).

dialectric the Trooper (Minotaur Fighter)           Turns: 2564, Time: 00:04:34

HP:   -5/54 (57)    AC:  7    Str: 22    XL:     6   Next: 98%
MP:   5/5           EV:  9    Int:  5    God:
Gold: 201           SH:  0    Dex: 10    Spells: 5/5 levels left

rFire   . . .        j - +0 quarterstaff
rCold   + . .        (shield currently unavailable)
rNeg    . . .        b - +0 scale mail
rPois   .            (helmet restricted)
rElec   .            (no cloak)
rCorr   .            (no gloves)
SInv    .            (no boots)
Will    .....        (no amulet) Stlth
                     l - ring of protection from cold
HPRegen 0.29/turn    (no ring)
MPRegen 0.09/turn

%: no passive effects
@: drained
A: horns 2, retaliatory headbutt
a: no special abilities


You were on level 5 of the Dungeon.
You visited 1 branch of the dungeon, and saw 5 of its levels.

You collected 201 gold pieces.

Inventory:

Hand Weapons
 a - a +0 flail
 j - a +0 quarterstaff (weapon)
Missiles
 g - a throwing net
Armour
 b - a +0 scale mail (worn)
 c - a +0 buckler
Jewellery
 l - a ring of protection from cold (left hand)
Talismans
 n - a maw talisman
Scrolls
 e - a scroll of teleportation {unknown}
 h - a scroll of revelation
 i - 2 scrolls of noise {unknown}
 k - 5 scrolls of identify
 m - 2 scrolls of fog
 q - a scroll of vulnerability {unknown}
 r - a scroll of amnesia {unknown}
Potions
 d - a potion of might
 f - 3 potions of lignification
 p - a potion of ambrosia


   Skills:
 + Level 6.3 Fighting
 - Level 2.8(4.1) Maces & Flails
 + Level 4.5(5.0) Staves
 + Level 6.2 Armour
 - Level 3.6 Shields


You had 5 spell levels left.
You didn't know any spells.
Your spell library contained the following spells:

 Spells                   Type           Power      Damage    Failure   Level
 Ensorcelled Hibernation  Hex/Ice        0%         N/A       89%         2
 Lesser Beckoning         Tloc           0%         N/A       89%         2
 Passwall                 Alch/Erth      0%         N/A       89%         2
 Gell's Gravitas          Tloc           0%         N/A       98%         3
 Swiftness                Air            0%         N/A       98%         3
 Teleport Other           Tloc           0%         N/A       98%         3
 Ignite Poison            Fire/Alch      0%         N/A       100%        4
 Olgreb's Toxic Radiance  Alch           0%         N/A       100%        4
 Sticky Flame             Fire/Alch      0%         2d4       100%        4
 Dispersal                Tloc           0%         N/A       100%        6
 Ozocubu's Refrigeration  Ice            0%         4d7       100%        7
 Discord                  Hex            0%         N/A       100%        8
 Ignition                 Fire           0%         3d3       100%        8


Dungeon Overview and Level Annotations

Branches:
Dungeon (5/15)
 Temple: D:4-7

Altars:


Innate Abilities, Weirdness & Mutations

You have a pair of horns on your head.
You reflexively headbutt those who attack you in melee.


Message History

The wight is moderately damaged.
The wight barely misses you.
A wight is nearby!
You barely miss the wight. You headbutt the wight.
The wight is heavily damaged.
The wight hits you with a +0 battleaxe.
You completely miss the wight. Your headbutt misses the wight.
The wight is heavily damaged.
The wight barely misses you.
You closely miss the wight.
The wight is heavily damaged.
The wight hits you with a +0 battleaxe.
You closely miss the wight.
The wight is heavily damaged.
The wight hits you with a +0 battleaxe!
You feel drained. The wight completely misses you.
You barely miss the wight.
The wight is heavily damaged.
A bombardier beetle comes into view.
The wight closely misses you.
You closely miss the wight. Your headbutt misses the wight.
The wight is heavily damaged.
The wight hits you with a +0 battleaxe!
You feel drained.
You are too injured to fight recklessly!
You are too injured to fight recklessly!
You are too injured to fight recklessly!
You are too injured to fight recklessly!
You are too injured to fight recklessly!
You are too injured to fight recklessly!
You are too injured to fight recklessly!
Unknown command.
The wight attacks as it pursues you! The wight barely misses you.
There is a stone staircase leading up here.
The wight hits you with a +0 battleaxe!
* * * LOW HITPOINT WARNING * * *
There is a stone staircase leading up, spattered with blood here.
You hit the wight but do no damage.
The wight is heavily damaged.
The wight hits you with a +0 battleaxe!
You die...

# #........####.######,,*,,*,*#..
###........####.###****,,,**,*#..
......)............,**.#,#.**##..
###........####.###**,..,..,##..*
# #.............### ##*[#.*##...#
#.......†##.....###.......##g#.
#########.)..)...#,#.#.#.#,#.g.
****#######........#,,.....,,#<.)
,,,,............@z.#####.#####..o
****#######........oB............
*.....###.##.......(..$.......
*............###.###..........
****,,,,.....#####..# #..........
,,,,,,,,...### #.## ##.........
****,,,,.##* *#.* ##........
,,**,,,,,* *..* #########
,,,,,,,,,* *#.#* *******


You could see a bombardier beetle, a wight and an orc.

Vanquished Creatures
  An ogre (D:5)
  A bullfrog (D:5)
  2 scorpions
  A gnoll bouda (D:4)
  An orc priest (D:4)
  An orc wizard (D:4)
  3 adders (D:3)
  6 gnolls
  2 white imps (D:4)
  2 worms
  3 dart slugs
  8 orcs
  A bat (D:1)
  2 endoplasms (D:1)
  4 giant cockroaches
  2 goblins
  7 hobgoblins
  2 quokkas
  3 ball pythons
  2 frilled lizards
  5 kobolds
  2 rats (D:2)
61 creatures vanquished.

Notes
Turn   | Place    | Note
-------+----------+-------------------------------------------
     0 | D:1      | dialectric the Minotaur Fighter began the quest for the
                  | Orb.
     0 | D:1      | Reached XP level 1. HP: 19/19 MP: 0/0
   210 | D:1      | Reached XP level 2. HP: 24/27 MP: 1/1
   801 | D:2      | You fall into a shaft and drop 1 floor!
   883 | D:3      | Reached skill level 1 in Staves
   892 | D:3      | Reached XP level 3. HP: 28/33 MP: 2/2
  1119 | D:3      | Noticed a scorpion
  1125 | D:3      | Killed a scorpion
  1126 | D:3      | Reached XP level 4. HP: 36/41 MP: 3/3
  1380 | D:4      | Reached skill level 5 in Fighting
  1380 | D:4      | Reached skill level 5 in Armour
  1380 | D:4      | Reached XP level 5. HP: 35/48 MP: 4/4
  1800 | D:5      | Entered Level 5 of the Dungeon
  1970 | D:4      | Reached XP level 6. HP: 25/57 MP: 5/5
  2564 | D:5      | Slain by a wight

Illustrated notes

Levels and vault maps discovered:
D:1:      lightli_arrival_flooded_house, layout_loops_cross, nrook_campfire,
          dk_noncrumbling_4
D:2:      layout_loops_ring, shapermc_ecumenical_altar_petra, st_stairs_3,
          grunt_ministairs_10
D:3:      layout_rooms
D:4:      layout_basic
D:5:      minmay_spotlight, layout_rooms

Skill      XL: |  1  2  3  4  5  6 |
---------------+-------------------+-----
Fighting       | 4 5 6 |  6.3
Armour         | 4 5 6 |  6.2
Staves         | 1 2 3 4 |  4.5
Maces & Flails | |  2.8
Shields        | |  3.6

Action                     |  1- 3 |  4- 6 || total
---------------------------+-------+-------++-------
  Melee: Flail             |    11 |       ||    11
         Punch             |     1 |       ||     1
         Quarterstaff      |    47 |    98 ||   145
         Headbutt          |     5 |    16 ||    21
    Use: Scroll            |     1 |     2 ||     3
         Potion            |       |     4 ||     4
 Armour: Scale mail        |    47 |    80 ||   127
         Skin              |       |    41 ||    41
  Dodge: Dodged            |    38 |    63 ||   101

Table legend: (Time is in decaauts)
 A = Elapsed time spent in this place.
 B = Non-inter-level travel time spent in this place.
 C = Inter-level travel time spent in this place.
 D = Time resting spent in this place.
 E = Time spent auto-exploring this place.
 F = Levels seen in this place.
 G = Mean time per level.
                   A        B        C        D        E       F      G
               +--------+--------+--------+--------+--------+-----+--------+
         Total |   2595 |   2490 |    105 |    223 |   1667 |   5 |  519.0 |
       Dungeon |   2595 |   2490 |    105 |    223 |   1667 |   5 |  519.0 |
               +--------+--------+--------+--------+--------+-----+--------+

Top non-repeatable levels by time:
     D:4: 992 daAuts
     D:1: 679 daAuts
     D:3: 539 daAuts
     D:5: 254 daAuts
     D:2: 129 daAuts
